 Dungeon Crawl Stone Soup version 0.30-a0-883-g5ad918d77d (webtiles) character file.

Game seed: 9173556310593462978

7004 Newt the Markskobold (level 11, -7/61 HPs)
             Began as a Kobold Hunter on Mar 15, 2023.
             Was a Follower of Hepliaklqana.
             Mangled by a yak (15 damage)
             ... on level 9 of the Dungeon.
             The game lasted 00:10:42 (12380 turns).

Newt the Markskobold (Kobold Hunter)               Turns: 12380, Time: 00:10:43

Health: -7/61      AC:  4    Str:  9    XL:     11   Next: 29%
Magic:  11/11      EV: 18    Int: 11    God:    Hepliaklqana [*.....]
Gold:   449        SH:  0    Dex: 22    Spells: 10/10 levels left

rFire   . . .      SeeInvis .    a - +1 shortbow
rCold   + . .      Faith    .    (shield currently unavailable)
rNeg    . . .      Spirit   .    c - +0 leather armour
rPois   .          Reflect  .    m - +0 helmet
rElec   .          Rampage  .    (no cloak)
rCorr   .                        (no gloves)
Will    +....                    (no boots)
Stlth   +++                      p - amulet of the acrobat
HPRegen 0.30/turn                l - ring of protection from cold
MPRegen 0.12/turn                u - ring of willpower

@: studying Short Blades
A: reduced essence, small, no large weapons, nightstalker 3
a: Renounce Religion, Recall Ancestor, Ancestor Identity


You were on level 9 of the Dungeon.
You worshipped Hepliaklqana.
Hepliaklqana was aware of your devotion.
You visited 2 branches of the dungeon, and saw 10 of its levels.

You collected 449 gold pieces.

Inventory:

Hand Weapons
 a - a +1 shortbow (weapon)
Armour
 c - a +0 leather armour (worn)
 h - +0 ice dragon scales
 m - a +0 helmet (worn)
Jewellery
 k - an amulet of reflection
 l - a ring of protection from cold (left hand)
 p - an amulet of the acrobat (around neck)
 u - a ring of willpower (right hand)
Wands
 e - a wand of light (5)
 n - a wand of mindburst (4)
 t - a wand of flame (7)
 x - a wand of roots (7)
 y - a wand of digging (1)
Scrolls
 b - a scroll of immolation
 g - a scroll of amnesia
 r - a scroll of teleportation
Potions
 d - 2 potions of mutation {unknown}
 f - 2 potions of ambrosia {unknown}
 i - a potion of lignification
 o - 2 potions of heal wounds
 q - a potion of attraction
 v - a potion of degeneration
 w - 3 potions of brilliance
 z - a potion of haste


   Skills:
 - Level 8.0 Fighting
 + Level 16.7 Ranged Weapons
 - Level 4.0 Armour
 - Level 6.0 Dodging
 - Level 1.3 Stealth
 - Level 6.0 Evocations


You had 10 spell levels left.
You didn't know any spells.
Your spell library contained the following spells:

 Spells                   Type           Power      Damage    Failure   Level
 Magic Dart               Conj           0%         1d3       43%         1
 Searing Ray              Conj           0%         2d4       58%         2
 Hailstorm                Conj/Ice       0%         3d3       82%         3
 Fulminant Prism          Conj/Hex       0%         3d5       99%         4
 Ice Form                 Ice/Tmut       0%         N/A       99%         4
 Simulacrum               Ice/Necr       0%         N/A       100%        6


Dungeon Overview and Level Annotations

Branches:
Dungeon (9/15)             Temple (1/1) D:4            Lair (0/5) D:8
    Orc: D:9-12

Altars:
Ashenzari
Cheibriados
Dithmenos
Elyvilon
Fedhas
Gozag
Hepliaklqana
Kikubaaqudgha
Makhleb
Nemelex Xobeh
Okawaru
Qazlal
Ru
Trog
Uskayaw
Vehumet
Wu Jian
Xom
Yredelemnul
Zin
The Shining One

Shops:
D:7 :


Innate Abilities, Weirdness & Mutations

Your life essence is reduced to manifest your ancestor. (-10% HP)
You are small and have problems with some larger weapons.
You are completely attuned to the shadows.


Message History

The yak barely misses you.
Unknown command.
Fire: a) +1 shortbow
Press: ? - help, Shift-Dir - straight line, f/p - yak
Aim: a yak (severely wounded, 81% to hit)
You shoot an arrow. The arrow completely misses the yak.
Unknown command.
Fire: a) +1 shortbow
Press: ? - help, Shift-Dir - straight line, f/p - yak
Aim: a yak (severely wounded, 81% to hit)
You shoot an arrow. The arrow closely misses the yak.
The yak gores you!
You shoot an arrow. The arrow hits the yak!
The yak is almost dead.
The yak misses you.
You shoot an arrow. The arrow hits the yak!
You kill the yak!
You shoot an arrow. The arrow hits the yak!
The yak is heavily wounded.
You shoot an arrow. The arrow hits the yak.
The yak is severely wounded.
The yak gores you!
* * * LOW HITPOINT WARNING * * *
You shoot an arrow. The arrow hits the yak!
You kill the yak!
Unknown command.
Fire: a) +1 shortbow
Press: ? - help, Shift-Dir - straight line, f - yak
Aim: a yak (81% to hit)
You shoot an arrow. The arrow barely misses the yak.
Unknown command.
Fire: a) +1 shortbow
Press: ? - help, Shift-Dir - straight line, f/p - yak
Aim: a yak (81% to hit)
You shoot an arrow. The arrow barely misses the yak.
Unknown command.
Aiming: Mindburst
Press: ? - help, Shift-Dir - straight line, f/p - yak
Aim: a yak (chance to affect: 84%)
The yak's mind is blasted!!
The yak gores you!
You die...

#.##...........
#.##.####.####.#
#.##.#.......#.#
####.##.#.##.##.#.#
#.....#.#.#...#.#.###
............_...†...#
#.....#.#.#..†#Y#.#.#
#.....#.#.##.##.#.#
#.....#.#.@Y....#.#
......#.####.####.#
#?....#..........
#)....######.#####
#......# #......
###......######.....
..............R.....
####.##########.....
##.# #.....


You could see a yak.

Vanquished Creatures
  Maurice (D:8)
  2 polar bears (D:8)
  Grinder (D:3)
  A hornet (D:9)
  7 yaks
  2 wyverns
  A basilisk (D:8)
  An unseen horror simulacrum (D:8)
  A steam dragon (D:7)
  A vampire mosquito (D:5)
  4 water moccasins
  3 black bears
  4 ice beasts
  A sky beast (D:6)
  2 orc warriors
  3 wolves (D:8)
  A centaur (D:7)
  2 ogres
  A kobold brigand (D:6)
  3 bullfrogs
  3 phantoms
  2 scorpions
  4 wights (D:8)
  5 killer bees (D:9)
  A howler monkey (D:6)
  2 electric eels (D:8)
  A crimson imp (D:8)
  2 hounds
  2 orc priests
  A sleepcap (D:4)
  Ijyb (D:4)
  2 iguanas
  8 orc wizards
  2 killer bee simulacra (D:8)
  Robin (D:3)
  A gnoll (D:1)
  12 adders
  9 river rats (D:5)
  A shadow imp (D:8)
  5 white imps (D:8)
  A howler monkey simulacrum (D:8)
  3 ufetubi (D:5)
  3 worms
  3 dart slugs
  25 orcs
  10 bats
  6 endoplasms
  3 giant cockroaches
  9 hobgoblins
  4 jackals (D:5)
  7 quokkas
  12 ball pythons
  6 frilled lizards
  16 goblins
  14 kobolds
  29 rats
258 creatures vanquished.

Vanquished Creatures (collateral kills)
  A yak (D:9)
1 creature vanquished.

Vanquished Creatures (others)
  An ancestor (D:9)
1 creature vanquished.

Grand Total: 260 creatures vanquished

Notes
Turn   | Place    | Note
-------+----------+-------------------------------------------
     0 | D:1      | Newt the Kobold Hunter began the quest for the Orb.
     0 | D:1      | Reached XP level 1. HP: 12/12 MP: 1/1
   135 | D:1      | Reached XP level 2. HP: 14/19 MP: 2/2
   389 | D:1      | Found a faded altar of an unknown god.
   613 | D:1      | Reached XP level 3. HP: 23/23 MP: 3/3
  1595 | D:3      | Noticed Grinder
  1604 | D:2      | Reached XP level 4. HP: 16/30 MP: 4/4
  1817 | D:3      | Noticed Robin
  2417 | D:3      | Killed Robin
  2418 | D:3      | Reached skill level 5 in Fighting
  2579 | D:3      | Found a basalt altar of Yredelemnul.
  2615 | D:3      | Reached XP level 5. HP: 35/35 MP: 5/5
  2822 | D:3      | Reached skill level 6 in Ranged Weapons
  2852 | D:3      | Killed Grinder
  2853 | D:3      | Reached skill level 8 in Ranged Weapons
  2853 | D:3      | Reached XP level 6. HP: 10/40 MP: 6/6
  3183 | D:3      | Reached XP level 7. HP: 32/44 MP: 7/7
  3343 | D:4      | Reached skill level 9 in Ranged Weapons
  3738 | D:4      | Noticed a water moccasin
  3748 | D:4      | Killed a water moccasin
  3749 | D:4      | Reached skill level 10 in Ranged Weapons
  3944 | D:4      | Found a glowing golden altar of the Shining One.
  3978 | D:4      | Noticed Ijyb
  3987 | D:4      | Killed Ijyb
  4431 | D:4      | Found a staircase to the Ecumenical Temple.
  4441 | Temple   | Entered the Ecumenical Temple
  4943 | D:5      | Entered Level 5 of the Dungeon
  4977 | D:5      | Reached XP level 8. HP: 49/49 MP: 8/8
  5066 | D:5      | Found a blossoming altar of Fedhas.
  5101 | D:5      | Reached skill level 5 in Dodging
  5359 | D:5      | Reached skill level 1 in Armour
  5550 | D:5      | Found a shadowy altar of Dithmenos.
  5744 | D:5      | Found a sparkling altar of Nemelex Xobeh.
  5899 | D:5      | Reached XP level 9. HP: 44/54 MP: 9/9
  6230 | D:5      | Reached skill level 11 in Ranged Weapons
  6669 | D:6      | Reached skill level 12 in Ranged Weapons
  7462 | D:6      | Found a burning altar of Makhleb.
  7822 | D:7      | Reached skill level 13 in Ranged Weapons
  7975 | D:7      | Found Amniul's Book Emporium.
  8198 | D:7      | Found a hazy altar of Hepliaklqana.
  8368 | D:7      | Became a worshipper of Hepliaklqana the Forgotten
  8620 | D:7      | Noticed a moth of wrath
  8623 | D:7      | Found a bloodstained altar of Trog.
  8865 | D:8      | Reached skill level 14 in Ranged Weapons
  8880 | D:8      | Reached XP level 10. HP: 42/59 MP: 10/10
  9479 | D:8      | Reached skill level 1 in Evocations
  9887 | D:8      | Reached skill level 5 in Evocations
 10034 | D:8      | Identified the +0 ring mail of Morality {rF- rCorr Str+2
                  | Dex+2}
 10082 | D:8      | Noticed Maurice
 10089 | D:8      | Killed Maurice
 10763 | D:8      | Found an opulent altar of Gozag.
 11004 | D:8      | Reached skill level 15 in Ranged Weapons
 11004 | D:8      | Reached XP level 11. HP: 45/68 MP: 11/11
 11083 | D:8      | Found a staircase to the Lair.
 11142 | D:8      | Found a glowing silver altar of Zin.
 12078 | D:9      | Paralysed by a hornet for 1 turns
 12082 | D:9      | Reached skill level 16 in Ranged Weapons
 12263 | D:9      | Reached * piety under Hepliaklqana
 12305 | D:9      | Found a sacrificial altar of Ru.
 12380 | D:9      | Mangled by a yak

Illustrated notes

Levels and vault maps discovered:
D:1:      evilmike_arrival_crescent, layout_basic,
          chequers_ecumenical_altar_lobes, minmay_cut_off
D:2:      layout_basic, minmay_hedge_maze
D:3:      minmay_angry_zag, layout_rooms, yredelemnul_altar_generic,
          lightli_corner_chamber, uniq_grinder, uniq_robin
D:4:      layout_basic, old_standard_altar, minmay_temple_entry_mist,
          chequers_serial_rivers_small_a, uniq_ijyb
D:5:      lemuel_ratsnest, layout_gridville, fedhas_altar_1,
          grunt_dithmenos_smoke_and_mirrors, nemelex_diamond_rough_becter,
          minmay_manual_mandibuliform
D:6:      layout_basic, mainiacjoe_overflow_catwalk, hex_large,
          kennysheep_generic_room_13
D:7:      layout_loops_cross, nzn_hepliaklqana_mist_gate, tgw_trog,
          serial_shops, nicolae_shop_hallway_stairs
D:8:      layout_basic, pdpol_temple_overflow_zin_treasury_gozag_greed,
          david_lair_generic, serial_ice, serial_ice_d, serial_ice_m,
          serial_ice_f, serial_ice_h, serial_ice_a, serial_ice_i, serial_ice_e,
          minmay_fire_ice_demons, uniq_maurice
D:9:      layout_rooms, mainiacjoe_overflow_tiny_flanked,
          nicolae_ru_sacrificial_ziggurat, amethyst_killhole,
          hangedman_abyss_or_decor_slice
Temple:   zaba_magenta_temple

Skill      XL: |  1  2  3  4  5  6  7  8  9 10 11 |
---------------+----------------------------------+-----
Fighting       | 3 4 5 8 |  8.0
Ranged Weapons | 8 10 14 15 16 | 16.7
Dodging        | 4 6 |  6.0
Armour         | 4 |  4.0
Evocations     | 6 |  6.0
Stealth        | |  1.3

Action                     |  1- 3 |  4- 6 |  7- 9 | 10-12 || total
---------------------------+-------+-------+-------+-------++-------
   Fire: Shortbow          |    54 |   114 |   384 |   330 ||   882
  Evoke: Wand              |       |     1 |     4 |     8 ||    13
    Use: Scroll            |     4 |     3 |     8 |     3 ||    18
         Potion            |       |     1 |     6 |     1 ||     8
 Armour: Ice dragon scales |     9 |     1 |       |       ||    10
         Leather armour    |     1 |    22 |    40 |    35 ||    98
  Dodge: Dodged            |    15 |    73 |   217 |   217 ||   522
  Block: Other             |       |     6 |     3 |       ||     9

Table legend: (Time is in decaauts)
 A = Elapsed time spent in this place.
 B = Non-inter-level travel time spent in this place.
 C = Inter-level travel time spent in this place.
 D = Time resting spent in this place.
 E = Time spent auto-exploring this place.
 F = Levels seen in this place.
 G = Mean time per level.
                   A        B        C        D        E       F      G
               +--------+--------+--------+--------+--------+-----+--------+
         Total |  12367 |  12076 |    291 |   3594 |   7090 |  10 | 1236.7 |
       Dungeon |  12274 |  11988 |    286 |   3594 |   7012 |   9 | 1363.8 |
        Temple |     92 |     87 |      5 |      0 |     78 |   1 |   92.0 |
               +--------+--------+--------+--------+--------+-----+--------+

Top non-repeatable levels by time:
     D:8: 2909 daAuts
     D:4: 1548 daAuts
     D:5: 1491 daAuts
     D:2: 1365 daAuts
     D:6: 1170 daAuts
     D:1: 1065 daAuts
     D:7: 1036 daAuts
     D:3: 937 daAuts
     D:9: 750 daAuts
  Temple: 92 daAuts
